cohdb
Replays
Latest Replays
All Replays
Popular Replays
Top Player Replays
Match Explorer
How It Works
Community
CoH3 Stats
Reddit
Sign in to upload your games and track your stats! →
Sign in with Steam
Match 47359090
Unlisted
Match 47359090
Overview
Messages
Build Orders
End
Royal Engineer Section
Construct Section Command Post
Selects Canadian Shock Battlegroup
Infantry Section
Infantry Section
ML 3-inch Mortar Team
Selects Offensive Resupply
Infantry Section
Construct Field Infirmary
Selects Canadian Shock Section
Grenade Package
Selects Incendiary Munitions
Auxiliary Priest
KрепкийOрешек
Rolling9Deep
crywo1f
0
0
Comments
sign in to comment!
No comments posted yet!